 Dungeon Crawl Stone Soup version 0.26-a0-661-g406de6ba63 (webtiles) character file.

Game seed: 15513765822437614616

79 DogServant the Bolt Thrower (level 4, -3/27 HPs)
             Began as a Kobold Hunter on Oct 9, 2020.
             Was an Initiate of Okawaru.
             Slain by an ogre
             ... wielding a +0 giant club
              (30 damage)
             ... on level 4 of the Dungeon.
             The game lasted 00:02:35 (2450 turns).

DogServant the Bolt Thrower (Kobold Hunter)         Turns: 2450, Time: 00:02:36

Health: -3/27      AC:  4    Str:  9    XL:     4   Next: 64%
Magic:  4/4        EV: 15    Int: 12    God:    Okawaru [......]
Gold:   89         SH:  0    Dex: 16    Spells: 3/3 levels left

rFire    . . .     SeeInvis .   m - +3 spear
rCold    . . .     Faith    .   (shield restricted)
rNeg     . . .     Spirit   .   c - +0 leather armour
rPois    .         Reflect  .   j - +0 helmet
rElec    .         Harm     .   (no cloak)
rCorr    .         Rampage  .   (no gloves)
MR       .....                  (no boots)
Stlth    +++.......             (no amulet)
HPRegen  0.09/turn              (no ring)
MPRegen  0.09/turn              (no ring)

@: no status effects
A: small, nightstalker 3
a: Renounce Religion


You were on level 4 of the Dungeon.
You worshipped Okawaru.
Okawaru was noncommittal.
You visited 1 branch of the dungeon, and saw 4 of its levels.

You collected 89 gold pieces.

Inventory:

Hand Weapons
 a - a +1 hand crossbow
 b - a +0 short sword
 m - a +3 spear (weapon)
Missiles
 d - 20 bolts
Armour
 c - a +0 leather armour (worn)
 j - a +0 helmet (worn)
Scrolls
 f - 5 scrolls of magic mapping {unknown}
 h - 2 scrolls of teleportation {unknown}
 i - a scroll of identify {unknown}
 k - 2 scrolls of fog {unknown}
 n - a scroll of fear {unknown}
 r - a scroll of enchant armour {unknown}
 t - a scroll of remove curse {unknown}
Potions
 e - a potion of heal wounds {unknown}
 g - 2 potions of magic {unknown}
 l - a potion of cancellation {unknown}
 o - a potion of flight {unknown}
 p - 2 potions of curing {unknown}
 q - 2 potions of stabbing {unknown}
 s - a potion of lignification {unknown}


   Skills:
 + Level 2.4 Fighting
 - Level 2.3 Short Blades
 + Level 5.6 Crossbows
 + Level 2.7 Dodging
 - Level 3.2 Stealth


You had 3 spell levels left.
You didn't know any spells.
Your spell library was empty.

Dungeon Overview and Level Annotations

Branches:
Dungeon (4/15)
 Temple: D:4-7

Altars:
Gozag
Okawaru
Sif Muna


Innate Abilities, Weirdness & Mutations

You are small and have problems with some larger weapons.
You are completely attuned to the shadows.


Message History

The adder skeleton is moderately damaged.
You hit the adder skeleton.
The adder skeleton is severely damaged.
The adder skeleton bites you but does no damage.
The adder skeleton barely misses you.
You hit the adder skeleton.
You destroy the adder skeleton!
Okawaru accepts your kill.
A leopard gecko skeleton comes into view.
A leopard gecko skeleton is nearby!
A leopard gecko skeleton is nearby!
A leopard gecko skeleton is nearby!
An ogre comes into view. It is wielding a +0 giant club.
The ogre shouts!
You barely miss the leopard gecko skeleton.
Okay, then.
Okay, then.
The ogre hits you with a +0 giant club!!
Ouch! That really hurt!
You die...

##....##.# #..#.##.#
#.<#....# #.# ......### ...
#.##.. .###.# #.#### #.##..
#.# #.##.## #.##.. #.#
#.#...#######.##.. #.#
#.OZ..............
##.########@#...#######..##.
##..........†....# #..##.
.....#######.##..# #.....
..............##..# #.####
..#...#.########.(###
#####.# #...... #.# #...###
#.#######...# #.........>...


You could see an ogre and a leopard gecko skeleton.

Vanquished Creatures
  3 adders
  An adder skeleton (D:4)
  2 worms
  4 bats
  4 giant cockroaches
  10 goblins
  6 hobgoblins
  A quokka (D:2)
  A ball python (D:2)
  3 frilled lizards
  3 kobolds (D:1)
  6 rats
44 creatures vanquished.

Vanquished Creatures (others)
  5 plants (D:4)
5 creatures vanquished.

Grand Total: 49 creatures vanquished

Notes
Turn   | Place    | Note
-------+----------+-------------------------------------------
     0 | D:1      | DogServant the Kobold Hunter began the quest for the Orb.
     0 | D:1      | Reached XP level 1. HP: 12/12 MP: 1/1
   361 | D:1      | Reached skill level 5 in Crossbows
   361 | D:1      | Reached XP level 2. HP: 17/17 MP: 2/2
   377 | D:1      | Reached skill level 1 in Short Blades
   931 | D:2      | Reached XP level 3. HP: 21/21 MP: 3/3
  1319 | D:2      | Reached XP level 4. HP: 24/26 MP: 4/4
  1434 | D:2      | You fall into a shaft and drop 1 floor!
  1523 | D:3      | Found a faded altar of an unknown god.
  1540 | D:3      | Found an opulent altar of Gozag.
  1713 | D:3      | Found an iron altar of Okawaru.
  2246 | D:3      | Became a worshipper of Warmaster Okawaru
  2363 | D:4      | Found a shimmering blue altar of Sif Muna.
  2431 | D:4      | Noticed an ogre
  2450 | D:4      | Slain by an ogre

Illustrated notes

Levels and vault maps discovered:
D:1:      minmay_arrival_cross, layout_loops_ring
D:2:      layout_loops_ring
D:3:      layout_rooms, kennysheep_okawaru_gauntlet,
          nicolae_gozag_cash_rules_everything_around_me,
          chequers_ecumenical_altar_simple_redux
D:4:      layout_loops_ring, nicolae_overflow_crystal_walls, chequers_big_river

Skill      XL: |  1  2  3 |
---------------+----------+-----
Crossbows      | 5 |  5.6
Stealth        | 2 3 |  3.2
Short Blades   | 1 2 |  2.3
Fighting       | |  2.4
Dodging        | |  2.7

Action                   |  1- 3 |  4- 6 || total
-------------------------+-------+-------++-------
Melee: Short sword       |    38 |       ||    38
       Spear             |    25 |    50 ||    75
 Stab: Sleeping          |    18 |     7 ||    25
Armor: Leather armour    |     8 |     4 ||    12
Dodge: Dodged            |    25 |    23 ||    48

Table legend: (Time is in decaauts)
 A = Elapsed time spent in this place.
 B = Non-inter-level travel time spent in this place.
 C = Inter-level travel time spent in this place.
 D = Time resting spent in this place.
 E = Time spent auto-exploring this place.
 F = Levels seen in this place.
 G = Mean time per level.
                   A        B        C        D        E       F      G
               +--------+--------+--------+--------+--------+-----+--------+
         Total |   2457 |   2399 |     58 |    384 |   1740 |   4 |  614.2 |
       Dungeon |   2457 |   2399 |     58 |    384 |   1740 |   4 |  614.2 |
               +--------+--------+--------+--------+--------+-----+--------+

Top non-repeatable levels by time:
     D:1: 931 daAuts
     D:3: 924 daAuts
     D:2: 507 daAuts
     D:4: 94 daAuts
